 Dungeon Crawl Stone Soup version 0.29-a0-838-g385bb11a5b (webtiles) character file.

Game seed: 1056393786118100000

1 zishaf the Grave Robber (level 1, -3/13 HPs)
             Began as a Human Necromancer on July 13, 2022.
             Slain by a quokka (5 damage)
             ... on level 1 of the Dungeon.
             The game lasted 00:00:21 (65 turns).

zishaf the Grave Robber (Human Necromancer)           Turns: 65, Time: 00:00:22

Health: -3/13      AC:  2    Str:  8    XL:     1   Next: 22%
Magic:  0/3        EV: 12    Int: 15    God:
Gold:   0          SH:  0    Dex: 13    Spells: 3/4 levels left

rFire   . . .      SeeInvis .   (no weapon)
rCold   . . .      Faith    .   (no shield)
rNeg    . . .      Spirit   .   a - +0 robe
rPois   .          Reflect  .   (no helmet)
rElec   .          Harm     .   (no cloak)
rCorr   .          Rampage  .   (no gloves)
Will    .....                   (no boots)
Stlth   ++........              (no amulet)
HPRegen 0.04/turn               (no ring)
MPRegen 0.08/turn               (no ring)

@: no status effects
A: no striking features
a: no special abilities


You were on level 1 of the Dungeon.
You visited 1 branch of the dungeon, and saw 1 of its levels.

Inventory:

Armour
 a - a +0 robe (worn)
Scrolls
 c - a scroll of noise {unknown}
Potions
 b - a potion of magic


   Skills:
 + Level 0.1 Fighting
 - Level 2.0 Dodging
 - Level 2.0 Stealth
 - Level 2.0 Spellcasting
 * Level 4.0 Necromancy


You had 3 spell levels left.
You knew the following spells:

 Your Spells              Type           Power      Damage    Failure   Level
a - Necrotise             Necr           52%        1d6       4%          1

Your spell library contained the following spells:

 Spells                   Type           Power      Damage    Failure   Level
 Vampiric Draining        Necr           13%        2d6       13%         3
 Animate Dead             Necr           13%        N/A       38%         4
 Agony                    Necr           13%        N/A       75%         5


Dungeon Overview and Level Annotations

Branches:
Dungeon (1/15)

Altars:


Message History

The bat hits you but does no damage.
You closely miss the bat. The bat hits you. The bat closely misses you.
The quokka bites you. The quokka attacks as you move away!
The quokka closely misses you. The bat hits you but does no damage.
The bat attacks as you move away! The bat hits you but does no damage. x2
The bat hits you but does no damage.
The quokka bites you but does no damage.
The bat closely misses you. The bat hits you. The quokka bites you.
The endoplasm freezes you.
You are frozen.
The quokka attacks as you move away! The quokka closely misses you.
The bat hits you but does no damage. The endoplasm attacks as you move away!
The endoplasm barely misses you. The bat barely misses you.
The quokka attacks as you move away! The quokka barely misses you.
The bat hits you but does no damage. The quokka barely misses you.
The bat completely misses you. The bat hits you. The endoplasm hits you.
The bat attacks as you move away! The bat barely misses you. x2
The quokka attacks as you move away! The quokka bites you.
* * * LOW HITPOINT WARNING * * *
The quokka barely misses you.
Casting: Necrotise (safe; 4% risk of failure)
Confirm with . or Enter, or press ? or * to list all spells.
Aiming: Necrotise (safe; 4% risk of failure)
Press: ? - help, Shift-Dir - straight line, f - quokka
Aim: a quokka (chance to affect: 83%)
The quokka barely resists.
The quokka bites you but does no damage.
Casting: Necrotise (safe; 4% risk of failure)
Confirm with . or Enter, or press ? or * to list all spells.
You don't have enough magic to cast this spell.
You closely miss the quokka. The quokka barely misses you.
You closely miss the quokka. The quokka misses you.
You closely miss the quokka. The quokka completely misses you.
You hit the quokka.
The quokka is heavily wounded.
The quokka misses you. The quokka bites you.
You die...

############..
#........br.J. #.# #.#
#.# #.# ####b#######
#...Jr@....#
##########.##########
##..................(##
#..........⌠..........#
#......⌠.......⌠......#
##...................##
##..⌠...⌠...⌠...⌠..##
##...............##
##.⌠....⌠....⌠.##


You could see an endoplasm, a quokka and a bat.

Vanquished Creatures
  A hobgoblin (D:1)
1 creature vanquished.

Notes
Turn   | Place    | Note
-------+----------+-------------------------------------------
     0 | D:1      | zishaf the Human Necromancer began the quest for the Orb.
     0 | D:1      | Reached XP level 1. HP: 13/13 MP: 3/3
    65 | D:1      | Slain by a quokka

Illustrated notes

Levels and vault maps discovered:
D:1:      dpeg_arrival_lava_temple_mockup, layout_rooms, minmay_crystal_room

Action                   || total
-------------------------++-------
Melee: Unarmed           ||     5
 Cast: Necrotise         ||     5
Armor: Robe              ||    12
Dodge: Dodged            ||    22

Table legend: (Time is in decaauts)
 A = Elapsed time spent in this place.
 B = Non-inter-level travel time spent in this place.
 C = Inter-level travel time spent in this place.
 D = Time resting spent in this place.
 E = Time spent auto-exploring this place.
 F = Levels seen in this place.
 G = Mean time per level.
                   A        B        C        D        E       F      G
               +--------+--------+--------+--------+--------+-----+--------+
         Total |     65 |     65 |      0 |      0 |     26 |   1 |   65.0 |
       Dungeon |     65 |     65 |      0 |      0 |     26 |   1 |   65.0 |
               +--------+--------+--------+--------+--------+-----+--------+

Top non-repeatable levels by time:
     D:1: 65 daAuts
